Map: [ESL] Ancient Cistern

Players

Solar - Winner!

  • Race: Zerg Zerg
  • League: Master
  • Spawn Location: 1:00

LiquidElazer (Elazer)

  • Race: Zerg Zerg
  • League: Master
  • Spawn Location: 7:00

Event: HomeStory Cup XXIII

VOD

Have the link to the VOD?

Description

Time

  • Played on: July 2, 2023, 2:27 p.m.
  • Length: 7:58

All games in this series

Show
View Real Time Build Order
Export as new Build Order

Solar Zerg - Winner!

Build Orders: Pool First 

Get SALT Encoding   

  12  0:00  Drone  
  13  0:07  Drone  
  14  0:24  Spawning Pool  
  13  0:28  Drone  
  14  0:36  Overlord  
  14  0:42  Extractor, Drone  
  15  0:59  Drone  
  17  1:11  Zergling x4  
  17  1:12  Zergling x2  
  17  1:17  Hatchery  
  18  1:24  Drone  
  19  1:29  Queen  
  21  1:36  Overlord  
  21  1:38  Extractor  
  20  1:43  Drone  
  21  1:55  Drone  
  22  2:05  Queen  
  22  2:07  Drone  
  25  2:16  Drone  
  25  2:28  Drone  
  26  2:32  Drone  
  26  2:38  Queen  
  26  2:39  Drone x4  
  26  2:43  Overlord  
  31  2:49  Metabolic Boost  
  31  2:51  Drone  
  32  2:52  Drone  
  33  3:00  Drone  
  33  3:02  Drone  
  35  3:11  Drone  
  35  3:12  Drone  
  37  3:17  Drone x3  
  40  3:21  Overlord  
  40  3:25  Zergling x6  
  40  3:26  Evolution Chamber  
  42  3:28  Drone  
  43  3:35  Roach Warren  
  43  3:39  Drone  
  43  3:41  Zergling x2  
  43  3:46  Overlord  
  44  3:51  Zergling x8  
  44  3:53  Zergling x6  
  51  3:59  Overlord  
  51  4:05  Zerg Ground Armor Level 1  
  51  4:06  Zergling x2  
  51  4:09  Zergling x2  
  53  4:15  Zergling x2  
  54  4:18  Zergling x6  
  54  4:23  Zergling x2  
  54  4:24  Zergling x2  
  59  4:27  Drone  
  60  4:32  Drone x2  
  60  4:33  Hatchery  
  60  4:36  Overlord  
  60  4:37  Drone  
  62  4:46  Drone  
  62  4:50  Drone x2  
  62  4:51  Drone x2  
  67  4:52  Lair  
  67  4:53  Extractor  
  67  4:54  Extractor  
  67  4:58  Overlord  
  65  5:01  Drone  
  66  5:08  Drone x4  
  66  5:11  Extractor, Drone  
  69  5:18  Overlord  
  69  5:19  Drone  
  69  5:20  Drone  
  69  5:21  Roach  
  73  5:23  Drone  
  74  5:31  Roach  
  74  5:35  Overlord  
  76  5:38  Roach x3  
  82  5:44  Drone  
  82  5:45  Drone  
  82  5:46  Drone  
  82  5:48  Roach, Drone, Overlord  
  88  5:50  Overseer  
  88  5:51  Glial Reconstitution  
  88  5:54  Roach  
  90  5:59  Zerg Missile Weapons Level 1, Overlord  
  90  6:00  Roach  
  92  6:05  Roach  
  92  6:07  Roach x2  
  92  6:08  Roach  
  92  6:11  Overlord  
  100  6:12  Overlord  
  100  6:15  Roach  
  106  6:18  Roach x2  
  106  6:22  Roach x2  
  110  6:26  Roach x2  
  110  6:30  Queen  
  113  6:33  Roach  
  113  6:38  Roach x3  
  120  6:41  Roach  
  120  6:45  Overlord  
  120  6:46  Roach  
  124  6:49  Roach  
  124  6:53  Roach x2  
  130  6:56  Roach  
  130  6:59  Roach  
  130  7:00  Roach x2  
  137  7:04  Roach  
  137  7:10  Overlord  
  137  7:12  Overlord  
  137  7:15  Overlord  
  134  7:19  Roach x3  
  138  7:22  Roach  
  135  7:30  Roach x6  
  135  7:33  Roach  
  130  7:37  Roach x2  
Show
View Real Time Build Order
Export as new Build Order

LiquidElazer Zerg 

Build Orders: Hatch First 

Get SALT Encoding   

  12  0:00  Drone  
  13  0:11  Overlord  
  13  0:16  Drone  
  14  0:30  Drone x2  
  16  0:47  Hatchery  
  15  0:50  Drone  
  15  0:55  Drone  
  17  0:58  Drone  
  18  1:08  Extractor  
  17  1:12  Spawning Pool  
  17  1:15  Drone  
  17  1:19  Drone  
  18  1:27  Drone  
  19  1:38  Drone  
  20  1:49  Drone  
  21  1:59  Queen x2  
  21  2:00  Zergling x2  
  26  2:01  Overlord  
  26  2:17  Zergling x4  
  28  2:26  Drone x2  
  29  2:35  Drone x2  
  29  2:40  Metabolic Boost  
  29  2:50  Overlord, Drone  
  30  2:54  Overlord  
  30  2:55  Drone  
  31  3:04  Hatchery  
  30  3:08  Drone  
  30  3:09  Drone  
  30  3:12  Drone  
  33  3:14  Drone  
  33  3:18  Drone  
  36  3:20  Drone  
  36  3:21  Drone  
  36  3:23  Drone  
  36  3:25  Drone  
  39  3:29  Drone  
  39  3:31  Drone  
  41  3:35  Drone  
  41  3:40  Overlord  
  41  3:41  Drone  
  43  3:43  Overlord  
  43  3:52  Roach Warren  
  43  3:55  Drone  
  43  3:56  Lair  
  43  3:59  Drone x3  
  43  4:00  Drone  
  43  4:02  Drone  
  48  4:05  Extractor x2  
  48  4:06  Drone  
  47  4:10  Drone x2  
  47  4:13  Drone x2  
  47  4:14  Drone  
  47  4:15  Drone  
  53  4:24  Zergling x4, Evolution Chamber  
  53  4:25  Evolution Chamber  
  53  4:27  Zergling x4  
  53  4:30  Zergling x4  
  55  4:39  Overlord  
  55  4:42  Queen  
  55  4:44  Roach  
  59  4:52  Overlord  
  59  4:57  Glial Reconstitution  
  59  4:58  Zerg Missile Weapons Level 1  
  59  4:59  Roach x3  
  65  5:01  Extractor  
  65  5:02  Drone  
  65  5:07  Drone  
  65  5:08  Roach Warren  
  69  5:14  Roach x3  
  69  5:19  Overlord x2  
  70  5:22  Roach  
  70  5:26  Roach x2  
  76  5:34  Overlord  
  76  5:35  Overlord  
  76  5:41  Roach x3  
  82  5:51  Roach x2  
  86  5:57  Hatchery  
  86  5:58  Roach x3  
  86  6:01  Roach x2  
  95  6:08  Spire  
  94  6:13  Roach x2  
  98  6:21  Roach x3  
  98  6:24  Overlord  
  104  6:27  Drone x3  
  104  6:32  Drone  
  107  6:35  Drone  
  107  6:37  Drone  
  107  6:38  Drone  
  107  6:42  Ravager x4  
  111  6:49  Drone x2  
  113  7:02  Ravager  
  113  7:05  Roach x3  
  113  7:06  Queen  
  103  7:17  Roach x9  
  106  7:34  Roach x4  
Tags
 
Add a new tag
Caveats
  • Supply blocks, unpowered buildings, or Contaminate may cause inaccurate times.
  • Supply counts are checked every 10 seconds.